 Dungeon Crawl Stone Soup version 0.31.0-11-ge490571c62 (webtiles) character file.

Game seed: 17088614575415399979

93 qw the Shooter (level 4, -3/22 HPs)
             Began as a Spriggan Hunter on Feb 4, 2024.
             Slain by Terence
             ... wielding a +0 falchion
              (6 damage)
             ... on level 2 of the Dungeon.
             The game lasted 00:00:03 (878 turns).

qw the Shooter (Spriggan Hunter)                     Turns: 878, Time: 00:00:04

Health: -3/22      AC:  2    Str:  7    XL:     4   Next: 37%
Magic:  5/5        EV: 20    Int: 10    God:
Gold:   42         SH:  0    Dex: 20    Spells: 3/3 levels left

rFire   . . .        a - +1 shortbow
rCold   . . .        (shield currently unavailable)
rNeg    . . .        c - +0 robe
rPois   .            (helmet restricted)
rElec   .            (no cloak)
rCorr   .            (gloves unavailable)
SInv    +            (boots unavailable)
Will    .....        h - amulet of the acrobat
Stlth   ++           (no ring)
HPRegen 0.23/turn    (no ring)
MPRegen 0.09/turn

%: acrobat
@: very quick
A: very small, no large weapons, unfitting armour, see invisible, speed 3
a: no special abilities


You were on level 2 of the Dungeon.
You visited 1 branch of the dungeon, and saw 2 of its levels.

You collected 42 gold pieces.


Innate Abilities, Weirdness & Mutations

You are very small and have problems with some larger weapons.
You are too small for most types of armour.
You have supernaturally acute eyesight. (SInv)
You cover ground extremely quickly. (Speed+++)


   Skills:
 - Level 1.5 Fighting
 - Level 5.0 Ranged Weapons
 + Level 4.8 Dodging
 - Level 1.5 Stealth


You had 3 spell levels left.
You didn't know any spells.
Your spell library was empty.

Inventory:

Hand Weapons
 a - a +1 shortbow (weapon)
Armour
 c - a +0 robe (worn)
Jewellery
 h - an amulet of the acrobat (around neck)
Potions
 b - a potion of invisibility {unknown}
 j - a potion of cancellation

Dungeon Overview and Level Annotations

Branches:
Dungeon (2/15)

Altars:
Hepliaklqana

Annotations:
D:2 Terence


Message History

An adder comes into view.
You shoot an arrow. The arrow hits the kobold!
You kill the kobold!
You shoot an arrow. The arrow barely misses the adder.
You shoot an arrow. The arrow hits the adder!
The adder is severely wounded.
You shoot an arrow. The arrow hits the adder!
You kill the adder!
You see here an adder corpse.
You see here a +0 dagger.
You now have 42 gold pieces (gained 1).
Terence the Incautious comes into view.
He is wielding a +0 falchion and carrying a wand of flame.
Terence shouts!
You shoot an arrow. The arrow hits Terence.
Terence is moderately wounded.
Terence zaps a wand.
The puff of flame misses you.
You shoot an arrow. The arrow hits Terence!
Terence is almost dead.
Terence zaps a wand.
The puff of flame hits you!
You shoot an arrow. The arrow barely misses Terence.
You shoot an arrow. The arrow hits Terence.
Terence is almost dead.
Terence zaps a wand.
The puff of flame misses you.
You shoot an arrow. The arrow closely misses Terence.
Terence misses you.
You shoot an arrow. The arrow closely misses Terence.
Terence misses you.
You shoot an arrow. The arrow closely misses Terence.
Terence completely misses you.
You shoot an arrow. The arrow barely misses Terence.
Terence zaps a wand.
The puff of flame hits you!
You shoot an arrow. The arrow barely misses Terence.
Terence hits you with a +0 falchion. Terence barely misses you.
You shoot an arrow.
The arrow hits Terence but does no damage.
Terence is almost dead.
Terence says, "Did you write a will?
You should..."
Terence hits you with a +0 falchion.
You die...
Terence says, "That felt goooood."

#.# #.# #.#
#.# ### #.#
.. #.# #. #.#
#@#####.#
#.@.....#
#.....#######
######


You could see Terence.

Vanquished Creatures
  Jessica (D:2)
  3 adders (D:2)
  A ribbon worm (D:2)
  A dart slug (D:1)
  4 endoplasms
  7 goblins
  4 hobgoblins (D:1)
  A quokka (D:1)
  6 ball pythons
  3 bats
  2 frilled lizards
  A kobold (D:2)
  3 rats
37 creatures vanquished.

Notes
Turn   | Place    | Note
-------+----------+-------------------------------------------
     0 | D:1      | qw the Spriggan Hunter began the quest for the Orb.
     0 | D:1      | Reached XP level 1. HP: 10/10 MP: 2/2
     0 | D:1      | 0 ||| qw: Version: 0.3-a-160-g6735b56
     0 | D:1      | 0 ||| qw: Game counter: 5510
     0 | D:1      | 0 ||| qw: Melee chars always use a shield: true
     0 | D:1      | 0 ||| qw: God list: Okawaru
     0 | D:1      | 0 ||| qw: Allow faded altars: false
     0 | D:1      | 0 ||| qw: Do Orc after clearing Dungeon:15 true
     0 | D:1      | 0 ||| qw: Do second Lair branch before Depths: true
     0 | D:1      | 0 ||| qw: Lair rune preference: random
     0 | D:1      | 0 ||| qw: Goals: Normal
     0 | D:1      | 0 ||| PLANNING D:1-11
   179 | D:1      | Reached skill level 3 in Dodging
   225 | D:1      | Reached XP level 2. HP: 14/14 MP: 3/3
   398 | D:1      | 398 ||| RETREEEEATING.
   399 | D:1      | 399 ||| RETREEEEATING.
   485 | D:1      | 485 ||| UPGRADING to amulet of the acrobat.
   490 | D:1      | 490 ||| READING 4 scrolls labelled PIAFFYFIKH.
   490 | D:1      | 490 ||| IDENTIFYING sedimented silvery potion
   491 | D:1      | 491 ||| READING 3 scrolls of identify.
   491 | D:1      | 491 ||| IDENTIFYING metallic cyan potion
   492 | D:1      | 492 ||| READING 2 scrolls of identify.
   492 | D:1      | 492 ||| IDENTIFYING purple potion
   493 | D:1      | 493 ||| READING scroll of identify.
   493 | D:1      | 493 ||| IDENTIFYING scroll labelled VOEBREPSY
   494 | D:1      | 494 ||| READING scroll labelled YREGGIR WEVUIN.
   494 | D:1      | 494 ||| ENCHANTING +0 shortbow.
   495 | D:1      | 495 ||| DROPPING scroll of butterflies.
   496 | D:1      | 496 ||| DROPPING potion of attraction.
   497 | D:1      | 497 ||| DROPPING potion of berserk rage.
   604 | D:2      | Found a hazy altar of Hepliaklqana.
   643 | D:2      | Reached XP level 3. HP: 18/18 MP: 4/4
   656 | D:2      | Noticed Jessica
   657 | D:2      | Killed Jessica
   689 | D:2      | Reached skill level 5 in Ranged Weapons
   696 | D:2      | Reached XP level 4. HP: 14/22 MP: 5/5
   703 | D:2      | HP: 5/22 [ribbon worm (1)]
   704 | D:2      | 704 ||| READING scroll of teleportation.
   868 | D:2      | Noticed Terence
   877 | D:2      | HP: 3/22 [Terence/+0 falchion (4)]
   878 | D:2      | Slain by Terence

Levels and vault maps discovered:
D:1:      wander_arrival_chamber, layout_basic, minmay_tiny_reverse_x
D:2:      layout_loops_ring, basic_altar, corexii_item_surrounded_by_moat,
          minmay_heptomino_w4, uniq_sigmund, uniq_jessica, uniq_terence

Skill      XL: |  1  2  3 |
---------------+----------+-----
Dodging        | 3 4 |  4.8
Ranged Weapons | 5 |  5.0
Fighting       | |  1.5
Stealth        | |  1.5

Action                     |  1- 3 |  4- 6 || total
---------------------------+-------+-------++-------
   Fire: Shortbow          |    76 |    26 ||   102
    Use: Scroll            |     5 |     1 ||     6
 Armour: Robe              |     9 |     6 ||    15
  Dodge: Dodged            |    32 |    13 ||    45

Table legend:
 A = Non-vault XP
 B = Vault XP
 C = Vault XP percentage of total XP
 D = Non-vault monster count
 E = Vault monster count
 F = Vault count percentage of total count
                 A         B        C        D         E       F
            +---------+---------+-------+---------+---------+-------
      Total |      55 |      79 |  59.0 |      26 |      11 |  29.7
            +---------+---------+-------+---------+---------+-------
        D:1 |      31 |       3 |   8.8 |      18 |       2 |  10.0
        D:2 |      24 |      76 |  76.0 |       8 |       9 |  52.9
            +---------+---------+-------+---------+---------+-------
